 Dungeon Crawl Stone Soup version 0.29.0-7-g18a832c13a (webtiles) character file.

Game seed: 1652410095902602421

3367 inmateoo the Cleaver (level 9, -1/79 HPs)
             Began as a Minotaur Fighter on Sept 1, 2022.
             Was a Believer of Okawaru.
             Slain by a two-headed ogre
             ... wielding a +0 giant club
              (34 damage)
             ... on level 9 of the Dungeon.
             The game lasted 00:06:58 (7342 turns).

inmateoo the Cleaver (Minotaur Fighter)             Turns: 7342, Time: 00:06:58

Health: -1/79      AC: 14    Str: 23    XL:     9   Next: 73%
Magic:  10/10      EV:  8    Int: 11    God:    Okawaru [**....]
Gold:   109        SH: 11    Dex: 12    Spells: 8/8 levels left

rFire   . . .      SeeInvis .   a - +1 war axe
rCold   . . .      Faith    .   c - +0 buckler
rNeg    . . .      Spirit   .   E - +0 plate armour
rPois   .          Reflect  +   (helmet restricted)
rElec   .          Harm     .   x - +0 cloak
rCorr   .          Rampage  .   (no gloves)
Will    .....                   (no boots)
Stlth   ..........              z - amulet of reflection
HPRegen 0.23/turn               h - +6 ring of intelligence
MPRegen 0.12/turn               (no ring)

@: no status effects
A: horns 2, retaliatory headbutt
a: Renounce Religion, Heroism


You were on level 9 of the Dungeon.
You worshipped Okawaru.
Okawaru was pleased with you.
You visited 2 branches of the dungeon, and saw 10 of its levels.
You also visited: Sewer.

You collected 372 gold pieces.
You spent 263 gold pieces at shops.

Inventory:

Hand Weapons
 a - a +1 war axe (weapon)
 k - a +2 war axe of flaming
Armour
 c - a +0 buckler (worn)
 x - a +0 cloak (worn)
 E - a +0 plate armour (worn)
Jewellery
 h - a +6 ring of intelligence (left hand)
 z - an amulet of reflection (around neck)
Wands
 b - a wand of light (16)
 m - a wand of digging (5)
 r - a wand of polymorph (12)
 y - a wand of roots (7)
 C - a wand of paralysis (19)
Scrolls
 e - a scroll of enchant weapon
 j - a scroll of fog
 s - 3 scrolls of identify
 v - 4 scrolls of teleportation
 w - 3 scrolls of amnesia
Potions
 d - 3 potions of might
 f - a potion of berserk rage
 g - 4 potions of resistance
 i - a potion of haste
 l - 9 potions of curing
 n - 3 potions of flight
 o - 5 potions of heal wounds
 p - 3 potions of brilliance
 q - 2 potions of cancellation
 t - a potion of invisibility {unknown}
 u - a potion of mutation {unknown}
 B - a potion of degeneration {unknown}
 D - a potion of magic {unknown}


   Skills:
 + Level 7.6 Fighting
 * Level 9.6 Axes
 + Level 7.4 Armour
 + Level 5.7 Dodging
 + Level 7.6 Shields
 + Level 3.1 Invocations


You had 8 spell levels left.
You didn't know any spells.
Your spell library contained the following spells:

 Spells                   Type           Power      Damage    Failure   Level
 Apportation              Tloc           0%         N/A       100%        1
 Necrotise                Necr           0%         1d4       100%        1
 Blink                    Tloc           0%         N/A       100%        2
 Frozen Ramparts          Ice            0%         1d1       100%        3
 Lesser Beckoning         Tloc           0%         N/A       100%        3
 Vampiric Draining        Necr           0%         2d6       100%        3
 Ice Form                 Ice/Tmut       0%         N/A       100%        4
 Petrify                  Tmut/Erth      0%         N/A       100%        4
 Agony                    Necr           0%         N/A       100%        5
 Manifold Assault         Tloc           0%         N/A       100%        5
 Metabolic Englaciation   Hex/Ice        0%         N/A       100%        5
 Statue Form              Tmut/Erth      0%         N/A       100%        6
 Summon Small Mammal      Summ           Unusable   N/A       N/A         1
 Summon Ice Beast         Ice/Summ       Unusable   N/A       N/A         4

Dungeon Overview and Level Annotations

Branches:
Dungeon (9/15)             Temple (1/1) D:4           Sewer (visited)
   Lair: D:8-11         Orc: D:9-12

Altars:
Ashenzari
Cheibriados
Dithmenos
Elyvilon
Fedhas
Gozag
Hepliaklqana
Kikubaaqudgha
Makhleb
Nemelex Xobeh
Okawaru
Qazlal
Ru
Sif Muna
Trog
Uskayaw
Vehumet
Wu Jian
Xom
Yredelemnul
Zin
The Shining One

Shops:
D:7 *   D:8 [[


Innate Abilities, Weirdness & Mutations

You have a pair of horns on your head.
You reflexively headbutt those who attack you in melee.


Message History

Found a ring mail.
No target in view!
Found a robe.
No target in view!
No target in view!
Found an escape hatch in the floor.
No target in view!
j - a scroll of fog No target in view!
You open the door.
There is an open door here.
A two-headed ogre comes into view.
It is wielding a +0 giant club and a +0 giant spiked club.
A two-headed ogre is nearby!
Throw: throwing net
Press: ? - help, Q - select action, (/) - cycle Shift-Dir - straight line, f - two-headed ogre
Aim: a two-headed ogre, wielding a +0 giant club and a +0 giant spiked club (75% to hit)
You throw a throwing net.
The throwing net barely misses the two-headed ogre.
The two-headed ogre hits you with a +0 giant club!!
You block the two-headed ogre's attack.
You barely miss the two-headed ogre. You headbutt the two-headed ogre!
The two-headed ogre is moderately wounded.
You slash the two-headed ogre! You headbutt the two-headed ogre.
The two-headed ogre is heavily wounded.
You block the two-headed ogre's attack. x2
You hit the two-headed ogre but do no damage.
The two-headed ogre is heavily wounded.
You block the two-headed ogre's attack. x2
You closely miss the two-headed ogre.
You headbutt the two-headed ogre, but do no damage.
The two-headed ogre is heavily wounded.
The two-headed ogre hits you with a +0 giant club!
The two-headed ogre hits you with a +0 giant spiked club!
You are too injured to fight recklessly!
You barely miss the two-headed ogre.
The two-headed ogre is heavily wounded.
You slash the two-headed ogre!
The two-headed ogre is severely wounded.
The two-headed ogre hits you with a +0 giant club!!
You die...

#............#
#.###..###+##### #.
#).#.......# #.
#..#.......#
#.###..#.......#
#......#.......#
######......#'##########
..[.....................
(.....O@...............>
........................
.............[..........
..###....#########......
. ........ .............
######################


You could see a two-headed ogre.

Vanquished Creatures
  Pikel (D:4)
  A wyvern (D:7)
  2 water moccasins
  2 orc warriors
  A black bear (D:6)
  2 sky beasts
  An ogre (D:6)
  A centaur (D:8)
  A phantom (D:4)
  A kobold brigand (Sewer)
  A gnoll sergeant (D:7)
  2 necrophages
  3 bullfrogs
  4 killer bees (D:6)
  4 vampire bats (D:3)
  2 howler monkeys (D:7)
  An orc priest (D:6)
  7 hounds
  2 jellies
  Jessica (D:3)
  5 iguanas
  7 orc wizards
  Robin (D:3)
  5 gnolls (D:7)
  10 adders
  6 river rats (Sewer)
  A white imp (D:6)
  3 ufetubi
  3 worms (D:2)
  2 dart slugs (D:3)
  18 orcs
  10 ball pythons
  8 endoplasms
  7 giant cockroaches
  13 goblins
  11 hobgoblins
  15 jackals
  7 quokkas
  9 bats
  5 frilled lizards
  7 kobolds
  13 rats
206 creatures vanquished.

Vanquished Creatures (others)
  A fungus (D:1)
  25 plants
26 creatures vanquished.

Grand Total: 232 creatures vanquished

Notes
Turn   | Place    | Note
-------+----------+-------------------------------------------
     0 | D:1      | inmateoo the Minotaur Fighter began the quest for the Orb.
     0 | D:1      | Reached XP level 1. HP: 19/19 MP: 0/0
   206 | D:1      | Reached XP level 2. HP: 15/27 MP: 1/1
   363 | D:1      | Reached skill level 3 in Axes
   367 | D:1      | Reached skill level 1 in Dodging
   546 | D:1      | Found a faded altar of an unknown god.
   569 | D:1      | Reached XP level 3. HP: 33/33 MP: 2/2
  1271 | D:2      | Reached XP level 4. HP: 37/40 MP: 3/3
  1875 | D:3      | Noticed Jessica
  1879 | D:3      | Killed Jessica
  1880 | D:3      | Reached skill level 4 in Axes
  2043 | D:3      | Found a glowing drain.
  2047 | D:3      | Reached XP level 5. HP: 44/47 MP: 4/4
  2062 | Sewer    | Entered a sewer
  2275 | Sewer    | Reached XP level 6. HP: 55/55 MP: 5/5
  2656 | Sewer    | Reached skill level 5 in Axes
  2878 | D:3      | Noticed Robin
  2886 | D:3      | Killed Robin
  2973 | D:3      | Reached skill level 5 in Fighting
  2977 | D:3      | Reached skill level 5 in Shields
  2982 | D:3      | Reached skill level 5 in Armour
  2982 | D:3      | Reached XP level 7. HP: 60/61 MP: 6/6
  3211 | D:4      | Noticed Pikel
  3227 | D:4      | Killed Pikel
  3228 | D:4      | Reached skill level 6 in Axes
  3459 | D:4      | Found an opulent altar of Gozag.
  3473 | D:4      | Reached skill level 7 in Axes
  3473 | D:4      | Reached XP level 8. HP: 70/70 MP: 7/7
  3651 | D:4      | Found a staircase to the Ecumenical Temple.
  3808 | D:5      | Entered Level 5 of the Dungeon
  3894 | D:5      | Found an ancient bone altar of Kikubaaqudgha.
  3894 | D:5      | Found a blossoming altar of Fedhas.
  4029 | Temple   | Entered the Ecumenical Temple
  4101 | Temple   | Became a worshipper of Warmaster Okawaru
  4769 | D:6      | Reached skill level 8 in Axes
  4805 | D:6      | Reached skill level 1 in Invocations
  4809 | D:6      | Reached * piety under Okawaru
  4815 | D:6      | Reached XP level 9. HP: 7/78 MP: 7/9
  5242 | D:6      | Reached skill level 5 in Dodging
  5698 | D:7      | Reached ** piety under Okawaru
  5699 | D:7      | Found a basalt altar of Yredelemnul.
  5714 | D:7      | Found Wecw's Assorted Antiques.
  5721 | D:7      | Reached skill level 9 in Axes
  5744 | D:7      | Bought a glowing war axe for 182 gold pieces
  5744 | D:7      | Bought a scroll of identify for 56 gold pieces
  5744 | D:7      | Bought a sapphire potion for 25 gold pieces
  6388 | D:8      | Found a shimmering blue altar of Sif Muna.
  6499 | D:8      | Found a hazy altar of Hepliaklqana.
  6520 | D:8      | Found Unuq Die's Antique Armour Boutique.
  6656 | D:8      | Found Rammanu's Dragon-Slaying Spoils.
  6932 | D:8      | Found a sacrificial altar of Ru.
  6932 | D:8      | Found a glowing silver altar of Zin.
  7331 | D:9      | Noticed a two-headed ogre
  7342 | D:9      | Slain by a two-headed ogre

Illustrated notes

Levels and vault maps discovered:
D:1:      nagdon_arrival_double_spiral, layout_basic,
          shapermc_ecumenical_altar_mp_ritualfount, st_stairs_10
D:2:      layout_basic, serial_bayou_pond_d, minmay_hedge_maze
D:3:      layout_rooms, gup_sewer_entry_pipe, hex_tiny, st_stairs_9,
          roderic_batcave, chequers_jeans, kennysheep_crisscross, uniq_robin,
          uniq_jessica
D:4:      layout_basic, grunt_gozag_statues, minmay_temple_entry_from_below_a,
          minmay_misc_feat_chi, nicolae_titane, uniq_pikel
D:5:      layout_loops_ring, grunt_temple_overflow_growth_and_decay,
          kennysheep_diamond, hex_large
D:6:      layout_rooms
D:7:      layout_basic, mainiacjoe_overflow_brackets, serial_shops, shop,
          grunt_decor_mini_mirrors, chequers_serial_rivers_room_a
D:8:      layout_loops_ring, lemuel_doored_altar, mainiacjoe_overflow_alcove_1,
          nicolae_overflow_two_pavilions, serial_shops, shop_statue,
          nicolae_shop_dragon_depot
D:9:      layout_stronghold, minmay_lair_entry_grove, nicolae_shop_firing_range,
          uniq_maurice, uniq_prince_ribbit1
Temple:   compressed_dpeg_circular_temple

Skill      XL: |  1  2  3  4  5  6  7  8  9 |
---------------+----------------------------+-----
Axes           | 3 4 5 7 8 9 |  9.6
Dodging        | 1 2 3 4 5 |  5.7
Fighting       | 4 5 6 7 |  7.6
Shields        | 4 5 6 7 |  7.6
Armour         | 4 5 6 7 |  7.4
Invocations    | 1 3 |  3.1

Action                   |  1- 3 |  4- 6 |  7- 9 || total
-------------------------+-------+-------+-------++-------
Melee: War axe           |    90 |   175 |   267 ||   532
       Headbutt          |     9 |    21 |    48 ||    78
Throw: Throwing net      |       |       |     1 ||     1
  Use: Scroll            |     4 |     4 |    10 ||    18
       Potion            |       |       |     2 ||     2
Armor: Scale mail        |    46 |    12 |       ||    58
       Chain mail        |       |    67 |   114 ||   181
Dodge: Dodged            |    56 |    83 |   104 ||   243
Block: Buckler           |    19 |    49 |   124 ||   192
       Reflection        |       |       |     3 ||     3
